 Dungeon Crawl Stone Soup version 0.13.0-29-gdb529de (webtiles) character file.

353 M4edhros the Sneak (level 6, -2/39 HPs)
             Began as an Octopode Artificer on Nov 9, 2013.
             Killed from afar by Dowan (27 damage)
             ... with a shard of ice
             ... on Level 4 of the Dungeon.
             The game lasted 00:06:27 (2290 turns).

M4edhros the Sneak (Octopode Artificer)             Turns: 2290, Time: 00:06:28

HP  -2/39        AC  1     Str 11      XL: 6   Next: 14%
MP   9/9         EV 12     Int 16      God:
Gold 100         SH  0     Dex 12      Spells:  0 memorised,  5 levels left

Res.Fire  : . . .   See Invis. : .   g - +0,+1 spear (venom)
Res.Cold  : . . .   Warding    : .   (no shield)
Life Prot.: . . .   Conserve   : .   n - +0 cap
Res.Poison: .       Res.Corr.  : .   (no amulet)
Res.Elec. : .       Clarity    : .   (no ring)
Sust.Abil.: . .     Spirit.Shd : .   (no ring)
Res.Mut.  : .       Stasis     : .   (no ring)
Res.Rott. : .       Flight     : .   (no ring)
Saprovore : . . .                    (no ring)
                                     (no ring)
                                     (no ring)
                                     (no ring)

@: slightly resistant to hostile enchantments, very stealthy
A: almost no armour, amphibious, 8 rings, constrict 8, camouflage 1, AC +1
a: no special abilities


You were on level 4 of the Dungeon.
You were very hungry.

You visited 1 branch of the dungeon, and saw 4 of its levels.

You collected 80 gold pieces.

Inventory:

Hand weapons
 a - a +0,+0 short sword
 g - a +0,+1 spear of venom (weapon)
 i - a +1,+0 sling
 s - a +1,+2 short sword of distortion
Missiles
 k - 2 throwing nets (quivered)
 l - 44 stones
 p - 8 javelins
 u - 7 sling bullets
Armour
 n - a +0 cap (worn)
Magical devices
 b - a wand of flame (10)
 c - a wand of enslavement (12)
 d - a wand of random effects (12)
Comestibles
 f - 3 bread rations
 m - an apple
Scrolls
 e - 4 scrolls of remove curse {unknown}
 h - a scroll of amnesia {unknown}
 j - a scroll of random uselessness {unknown}
 o - a scroll of curse armour {unknown}
 q - a scroll of recharging
 r - 2 scrolls of identify {unknown}
Potions
 t - a potion of poison {unknown}


   Skills:
 - Level 1.0 Fighting
 - Level 1.0 Short Blades
 + Level 3.0 Polearms
 - Level 2.0 Dodging
 * Level 7.2 Stealth
 - Level 3.2 Evocations


You had 5 spell levels left.
You didn't know any spells.

Dungeon Overview and Level Annotations

Branches:
Dungeon (4/27)             Temple (0/1) D:4

Altars:
Nemelex Xobeh
Jiyva

Annotations:
D:3 Sigmund; letownia's ghost, average MiAM
D:4 Dowan


Innate Abilities, Weirdness & Mutations

You cannot wear most types of armour.
You are amphibious.
You can wear up to eight rings at the same time.
You can use your tentacles to constrict many enemies at once.
Your skin changes colour to match your surroundings (Stlth).
Your rubbery body absorbs attacks (AC +1).


Message History

Key pressed, stopping explore.
There is an open door here.
Dowan is nearby!
Dowan is nearby!
Dowan gestures wildly while chanting.
Dowan seems to speed up.
Dowan hits you with an elven short sword.
You closely miss Dowan. You grab Dowan. You constrict Dowan.
Dowan hits you with an elven short sword.
You hit Dowan.
Dowan is poisoned.
Dowan is moderately wounded.
You constrict Dowan, but do no damage.
Dowan hits you with an elven short sword.
You hit Dowan.
Dowan looks even sicker.
Dowan is heavily wounded.
You constrict Dowan. Dowan gestures at you while chanting.
The shard of ice hits you!
Ouch! That really hurt!
You die...

#.##...#.##.#
.#
#.#....#.##.#
.#
#.#..#.#.##.#
.#
#.#..#.#.##.#
.
#.#..#.#.##.#
#.#..#.#.#
#.#..#.#.#
#.#..#.#.#
#.#..#.#@#
#.#..#.#e#
#.#..#.#.#
#.#..#.#.#
#.#..#.#.#
#.#..#.#.#
#.####.#.#
#......#..
#.########


You could see Dowan.

Vanquished Creatures
  Duvessa (D:4)
  Blork the orc (D:4)
  A worker ant (D:4)
  5 adders
  2 giant geckos
  4 oozes (D:4)
  An orc (D:3)
  5 bats
  3 giant cockroaches
  2 goblins (D:3)
  6 hobgoblins
  8 jackals
  8 kobolds
  2 ball pythons (D:1)
  4 giant newts
  An orc skeleton (D:4)
  4 rats
58 creatures vanquished.

Notes
Turn   | Place    | Note
--------------------------------------------------------------
     0 | D:1      | M4edhros, the Octopode Artificer, began the quest for the Orb.
     0 | D:1      | Reached XP level 1. HP: 14/14 MP: 1/1
   212 | D:1      | Reached XP level 2. HP: 17/19 MP: 3/3
   327 | D:1      | Reached skill level 1 in Polearms
   334 | D:1      | Reached XP level 3. HP: 12/24 MP: 4/4
   524 | D:2      | Reached skill level 4 in Stealth
   747 | D:3      | Noticed letownia's ghost (average MiAM)
   782 | D:3      | Reached XP level 4. HP: 6/29 MP: 6/6
  1132 | D:3      | Noticed Sigmund
  1141 | D:4      | Noticed Duvessa
  1141 | D:4      | Noticed Dowan
  1148 | D:4      | Killed Duvessa
  1148 | D:4      | Reached skill level 5 in Stealth
  1148 | D:4      | Reached XP level 5. HP: 3/34 MP: 7/7
  1419 | D:4      | Found a viscous altar of Jiyva.
  1459 | D:4      | Reached skill level 6 in Stealth
  1618 | D:4      | Found a staircase to the Ecumenical Temple.
  1645 | D:4      | Noticed Blork the orc
  1697 | D:4      | Killed Blork the orc
  1697 | D:4      | Reached skill level 7 in Stealth
  1697 | D:4      | Reached XP level 6. HP: 13/39 MP: 9/9
  1930 | D:4      | Found a sparkling altar of Nemelex Xobeh.
  2290 | D:4      | Killed from afar by Dowan

Action                   |  1- 3 |  4- 6 || total
-------------------------+-------+-------++-------
Melee: Spear             |    71 |    87 ||   158
       Short sword       |     3 |       ||     3
Evoke: Wand              |       |    11 ||    11
  Use: Potion            |       |     1 ||     1
 Stab: Sleeping          |     7 |     4 ||    11
